 Dungeon Crawl Stone Soup version 0.21-a0-352-g5b8f553 (webtiles) character file.

189 Dfrag the Firebug (level 5, -3/35 HPs)
             Began as a Demonspawn Fire Elementalist on Oct 12, 2017.
             Slain by a sky beast (6 damage)
             ... on level 4 of the Dungeon.
             The game lasted 00:04:24 (2667 turns).

Dfrag the Firebug (Demonspawn Fire Elementalist)    Turns: 2667, Time: 00:04:26

Health: -3/35      AC:  5    Str:  8    XL:     5   Next: 40%
Magic:  1/10       EV: 12    Int: 23    God:
Gold:   254        SH:  0    Dex: 13    Spells: 2/10 levels left

rFire    . . .     SeeInvis .   t - +1 whip (freeze)
rCold    + . .     Gourm    .   (no shield)
rNeg     . . .     Faith    .   a - +0 robe
rPois    .         Spirit   .   (no helmet)
rElec    .         Reflect  .   (no cloak)
rCorr    .         Harm     .   v - +2 pair of gloves
MR       .....                  (no boots)
Stlth    +.........             (no amulet)
HPRegen  0.11/turn              m - +5 ring of intelligence
MPRegen  0.12/turn              s - ring of loudness (curse)

@: no status effects
A: claws 1, cold resistance 1
a: no special abilities


You were on level 4 of the Dungeon.
You were hungry.

You visited 1 branch of the dungeon, and saw 4 of its levels.

You collected 254 gold pieces.

Inventory:

Hand Weapons
 t - a +1 whip of freezing (weapon)
Armour
 a - a +0 robe (worn)
 v - a +2 pair of gloves (worn)
Jewellery
 g - an uncursed amulet of faith
 m - a +5 ring of intelligence (left hand)
 s - a cursed ring of loudness (right hand)
Scrolls
 e - 3 scrolls of enchant weapon {unknown}
 h - 2 scrolls of remove curse {unknown}
 k - a scroll of teleportation {unknown}
 l - a scroll of recharging {unknown}
 n - a scroll of blinking {unknown}
 q - 2 scrolls of identify {unknown}
Potions
 i - a potion of lignification {unknown}
 j - a potion of mutation {unknown}
 p - a potion of ambrosia {unknown}
 r - a potion of brilliance {unknown}
Books
 b - a book of Flames

   Spells                             Type                      Level
   a - Flame Tongue                   Conjuration/Fire             1
   b - Throw Flame                    Conjuration/Fire             2
   c - Conjure Flame                  Conjuration/Fire             3
   d - Inner Flame                    Hexes/Fire                   3
   e - Sticky Flame                   Conjuration/Fire             4
   f - Fireball                       Conjuration/Fire             5
Comestibles
 c - 2 bread rations
 d - 4 meat rations
 f - 5 royal jellies
 o - a fruit


   Skills:
 - Level 1.7 Dodging
 - Level 1.7 Stealth
 + Level 3.3 Spellcasting
 + Level 3.1 Conjurations
 + Level 3.9 Fire Magic


You had 2 spell levels left.
You knew the following spells:

 Your Spells              Type           Power        Failure   Level  Hunger
a - Flame Tongue          Conj/Fire      ###..        2%          1    None
b - Conjure Flame         Conj/Fire      ###.....     8%          3    ###....
c - Sticky Flame          Conj/Fire      ###.....     26%         4    ####...


Dungeon Overview and Level Annotations

Branches:
Dungeon (4/15)
 Temple: D:4-7

Altars:
Dithmenos
Gozag
Hepliaklqana
Nemelex Xobeh
Xom
Yredelemnul


Innate Abilities, Weirdness & Mutations

You have sharp fingernails.
Your flesh is cold resistant. (rC+)


Message History

* * * LOW HITPOINT WARNING * * *
Something shocks you.
* * * LOW HITPOINT WARNING * * *
Casting: Flame Tongue
Confirm with . or Enter, or press ? or * to list all spells.
Aiming: Flame Tongue
Press: ? - help, Shift-Dir - straight line, f/p - ogre
Aim: an ogre, wielding a giant club (severely wounded)
The flame tongue hits the ogre.
You kill the ogre!
Your Conjurations skill increases to level 3!
You have reached level 5!
Your demonic ancestry asserts itself...
You feel resistant to cold.
A sky beast appears from thin air!
Reactivating autopickup.
The sky beast hits you.
* * * LOW HITPOINT WARNING * * *
The sky beast shocks you.
You die...

##..#
###...#
###ยง.##
#..####
#...##
##.##
#..## #.W#
#..# #..##
#..#
##..##
##.##
##.)##
##.##
##Y.#
#..## #@##
##..##
##.#
###.###.##
##.##.#
### #
#.<..###.#
.
###.....##
###[..#
#### ##.##
# ##..###
#.#


You could see a phantom and a sky beast.

Vanquished Creatures
  An ogre (D:4)
  3 adders
  2 worms (D:2)
  2 dart slugs (D:1)
  5 leopard geckos
  2 orcs (D:3)
  7 giant cockroaches
  5 goblins
  8 hobgoblins
  3 jackals (D:1)
  5 kobolds
  2 quokkas
  6 bats
  2 frilled lizards
  7 rats
60 creatures vanquished.

Notes
Turn   | Place    | Note
-------+----------+-------------------------------------------
     0 | D:1      | Dfrag the Demonspawn Fire Elementalist began the quest for the Orb.
     0 | D:1      | Reached XP level 1. HP: 13/13 MP: 3/3
   328 | D:1      | Gained mutation: You have sharp fingernails. [demonic ancestry]
   328 | D:1      | Reached XP level 2. HP: 17/19 MP: 0/5
   796 | D:1      | Reached XP level 3. HP: 17/24 MP: 1/6
  1361 | D:2      | Found a hazy altar of Hepliaklqana.
  1362 | D:2      | Found a shimmering altar of Xom.
  1362 | D:2      | Noticed a hell beast
  1363 | D:2      | Noticed a hell beast
  1363 | D:2      | Noticed a spectral ugly thing
  1600 | D:2      | Found a sparkling altar of Nemelex Xobeh.
  1674 | D:2      | Found an opulent altar of Gozag.
  1709 | D:2      | Reached XP level 4. HP: 29/30 MP: 4/8
  1839 | D:3      | Found a shadowy altar of Dithmenos.
  2167 | D:3      | Found a faded altar of an unknown god.
  2243 | D:3      | Found a basalt altar of Yredelemnul.
  2590 | D:4      | Noticed a phantom
  2590 | D:4      | Noticed an ogre
  2602 | D:3      | Learned a level 3 spell: Conjure Flame
  2607 | D:3      | Learned a level 4 spell: Sticky Flame
  2638 | D:4      | Noticed a sky beast
  2667 | D:4      | Killed an ogre
  2667 | D:4      | Gained mutation: Your flesh is cold resistant. (rC+) [demonic ancestry]
  2667 | D:4      | Reached XP level 5. HP: 4/35 MP: 1/10
  2667 | D:4      | Slain by a sky beast

Vault maps used:
D:1:      dpeg_arrival_three_smaller_balls, minmay_bisected
D:2:      regret_index_temple_of_mockery, nemelex_altar_shiori,
          nicolae_overflow_crystal_walls
D:3:      yredelemnul_altar_generic, old_standard_altar,
          chequers_ecumenical_altar_simple, grunt_ministairs_9
D:4:      tgw_trog, uniq_edmund, uniq_menkaure

Skill      XL: |  1  2  3  4 |
---------------+-------------+-----
Fire Magic     | 3 |  3.9
Conjurations   | 2 3 |  3.1
Spellcasting   | 3 |  3.3
Dodging        | |  1.7
Stealth        | |  1.7

Action                   |  1- 3 |  4- 6 || total
-------------------------+-------+-------++-------
Melee: Unarmed           |    52 |       ||    52
       Whip              |     4 |     1 ||     5
 Cast: Flame Tongue      |    67 |    38 ||   105
       Conjure Flame     |       |     1 ||     1
  Eat: Chunk             |     3 |     2 ||     5
Armor: Robe              |    13 |     4 ||    17
Dodge: Dodged            |    64 |    13 ||    77

Table legend:
 A = Spawn XP
 B = Non-spawn XP
 C = Spawn XP percentage of total XP
 D = Spawn monster count
 E = Non-spawn monster count
 F = Spawn count percentage of total count
 G = Total turns spent on level
                    A         B        C        D         E        F      G
               +---------+---------+-------+---------+---------+-------+---------
         Total |       0 |     271 |   0.0 |       0 |      60 |   0.0 |  2667
               +---------+---------+-------+---------+---------+-------+---------
           D:1 |       0 |      49 |   0.0 |       0 |      23 |   0.0 |  1310
           D:2 |       0 |      62 |   0.0 |       0 |      25 |   0.0 |   515
           D:3 |       0 |      31 |   0.0 |       0 |      10 |   0.0 |   726
           D:4 |       0 |     129 |   0.0 |       0 |       2 |   0.0 |   116
               +---------+---------+-------+---------+---------+-------+---------
